 Dungeon Crawl Stone Soup version 0.28.0-53-g5a82cb258f (webtiles) character file.

Game seed: 2228298907202739012

92 DocClef the Skirmisher (level 4, -2/41 HPs)
             Began as a Draconian Fighter on June 15, 2022.
             Was an Initiate of Okawaru.
             Slain by Grinder (8 damage)
             ... on level 3 of the Dungeon.
             The game lasted 00:03:05 (3043 turns).

DocClef the Skirmisher (Draconian Fighter)          Turns: 3043, Time: 00:03:05

Health: -2/41      AC:  5    Str: 20    XL:     4   Next: 35%
Magic:  4/4        EV: 12    Int:  8    God:    Okawaru [......]
Gold:   65         SH:  4    Dex: 11    Spells: 3/3 levels left

rFire   . . .      SeeInvis .   a - +0 war axe
rCold   . . .      Faith    .   b - +0 buckler
rNeg    . . .      Spirit   .   (armour unavailable)
rPois   .          Reflect  .   (helmet restricted)
rElec   .          Harm     .   (no cloak)
rCorr   .          Rampage  .   (no gloves)
Will    .....                   (no boots)
Stlth   +.........              (no amulet)
HPRegen 0.13/turn               (no ring)
MPRegen 0.09/turn               (no ring)

@: no status effects
A: AC +5, unfitting armour, cold-blooded
a: Renounce Religion


You were on level 3 of the Dungeon.
You worshipped Okawaru.
Okawaru was noncommittal.
You visited 1 branch of the dungeon, and saw 3 of its levels.

You collected 65 gold pieces.

Inventory:

Hand Weapons
 a - a +0 war axe (weapon)
Armour
 b - a +0 buckler (worn)
Scrolls
 d - 8 scrolls of identify
 g - a scroll of teleportation
 i - a scroll of magic mapping {unknown}
 j - a scroll of enchant weapon {unknown}
Potions
 c - a potion of might
 e - 2 potions of haste
 f - a potion of flight {unknown}
 h - a potion of cancellation {unknown}


   Skills:
 + Level 4.4 Fighting
 + Level 3.8 Axes
 - Level 2.6 Dodging
 - Level 3.0 Shields


You had 3 spell levels left.
You didn't know any spells.
Your spell library contained the following spells:

 Spells                   Type           Power      Damage    Failure   Level
 Ensorcelled Hibernation  Hex/Ice        0%         N/A       65%         2
 Passwall                 Tmut/Erth      0%         N/A       65%         2
 Static Discharge         Conj/Air       0%         N/A       65%         2
 Swiftness                Air            0%         N/A       86%         3
 Lightning Bolt           Conj/Air       0%         1d11      100%        5
 Maxwell's Capacitive Co  Air            0%         ∞         100%        8


Dungeon Overview and Level Annotations

Branches:
Dungeon (3/15)

Altars:
Cheibriados
Fedhas
Gozag
Kikubaaqudgha
Makhleb
Nemelex Xobeh
Okawaru
Sif Muna
Uskayaw
Yredelemnul

Shops:
D:3 (:(*

Annotations:
D:3 Grinder


Innate Abilities, Weirdness & Mutations

Your plain brown scales are hard. (AC +5)
You cannot fit into any form of body armour.
You are cold-blooded and may be slowed by cold attacks.


Message History

You slash Grinder!
Grinder is heavily wounded.
Grinder misses you.
You hit Grinder.
Grinder is severely wounded.
Grinder hits you!
You writhe in agony.
You closely miss Grinder. You tail-slap Grinder.
Grinder is severely wounded.
Grinder misses you. Grinder gestures at you.
You barely resist. You barely miss Grinder.
Grinder is severely wounded.
Grinder barely misses you.
You closely miss Grinder. You tail-slap Grinder.
Grinder is almost dead.
Grinder blinks!
Grinder gestures at you. You resist with significant effort.
Grinder gestures at you.
You suddenly lose the ability to move!
Grinder barely misses you.
You can move again.
You hit Grinder but do no damage.
Your tail-slap misses Grinder.
Grinder is almost dead.
Grinder hits you! Grinder barely misses you.
You completely miss Grinder.
Grinder is almost dead.
Grinder closely misses you.
You closely miss Grinder.
Grinder is almost dead.
Grinder hits you.
* * * LOW HITPOINT WARNING * * *
You writhe in agony.
* * * LOW HITPOINT WARNING * * *
Unknown command.
You closely miss Grinder.
Grinder is almost dead.
Grinder hits you!
You die...

≈.8.≈.####### #.
#...∩....#
≈...≈.......# #.
#..#.#...#
≈≈.≈≈..####.# #.
#.#...#.## ≈≈.≈≈.##
#.# #. #.......#
≈≈.≈≈.# #># #.
#..##.### ≈≈_≈≈.#
###.# #.###....#
≈≈≈≈≈.###.∩.#
#...#.####
.≈≈≈.......## #.5.#.#
......####.# #.@.#.#
.....## #.# ##.##.#
.....### #.# #.##.#
.......# #.# #.##.#
.....#.###.#####.##.#
#................##.#
#.##.#.############.#
#.##................#
.......##############


You could see Grinder.

Vanquished Creatures
  An iguana (D:3)
  An adder (D:2)
  A worm (D:2)
  6 bats
  8 endoplasms
  2 giant cockroaches
  4 goblins
  5 hobgoblins
  4 jackals (D:1)
  8 kobolds
  2 quokkas
  3 ball pythons
  A frilled lizard (D:2)
  3 rats
49 creatures vanquished.

Notes
Turn   | Place    | Note
-------+----------+-------------------------------------------
     0 | D:1      | DocClef the Draconian Fighter began the quest for the Orb.
     0 | D:1      | Reached XP level 1. HP: 19/19 MP: 1/1
   399 | D:1      | Reached XP level 2. HP: 27/27 MP: 2/2
  1238 | D:1      | Reached skill level 4 in Fighting
  1321 | D:1      | Found a faded altar of an unknown god.
  1521 | D:2      | Reached XP level 3. HP: 23/33 MP: 3/3
  1861 | D:2      | Found a hide-covered altar of Uskayaw.
  2395 | D:3      | Found Elut's Antique Weapon Emporium.
  2420 | D:3      | Found a burning altar of Makhleb.
  2447 | D:3      | Found an iron altar of Okawaru.
  2449 | D:3      | Found a shimmering blue altar of Sif Muna.
  2455 | D:3      | Found a blossoming altar of Fedhas.
  2455 | D:3      | Found an ancient bone altar of Kikubaaqudgha.
  2458 | D:3      | Found a sparkling altar of Nemelex Xobeh.
  2459 | D:3      | Found a snail-covered altar of Cheibriados.
  2463 | D:3      | Became a worshipper of Warmaster Okawaru
  2504 | D:3      | Reached XP level 4. HP: 34/41 MP: 4/4
  2700 | D:3      | Found Geggedgh's Assorted Antiques.
  2751 | D:3      | Found a basalt altar of Yredelemnul.
  2767 | D:3      | Found Gefurgh's Book Shoppe.
  2844 | D:3      | Found an opulent altar of Gozag.
  2991 | D:3      | Found Dizeb Zaosch's Weapon Emporium.
  3017 | D:3      | Noticed Grinder
  3023 | D:3      | Paralysed by Grinder for 3 turns
  3037 | D:3      | Paralysed by Grinder for 3 turns
  3043 | D:3      | Slain by Grinder

Illustrated notes

Levels and vault maps discovered:
D:1:      dpeg_arrival_court, layout_loops_corners,
          shapermc_ecumenical_altar_petra, nrook_loot_triangle, minivault_5
D:2:      layout_basic, basic_altar, grunt_ministairs_13
D:3:      layout_loops_ring, mainiacjoe_overflow_brackets,
          mainiacjoe_overflow_boulevard, mainiacjoe_overflow_catwalk,
          grunt_temple_overflow_open, serial_shops,
          nicolae_shop_advertising_works [nicolae_subvault_shop_adworks],
          nicolae_shop_trees, nicolae_shop_hallway_stairs, shop, shop_fountains,
          uniq_grinder

Skill      XL: |  1  2  3 |
---------------+----------+-----
Fighting       | 4 |  4.4
Axes           | 3 |  3.8
Dodging        | |  2.6
Shields        | |  3.0

Action                   |  1- 3 |  4- 6 || total
-------------------------+-------+-------++-------
Melee: War axe           |    90 |    36 ||   126
       Tailslap          |     8 |     6 ||    14
       Rapier            |     4 |       ||     4
  Use: Scroll            |     3 |       ||     3
 Stab: Sleeping          |     2 |     1 ||     3
Armor: Skin              |    31 |     7 ||    38
Dodge: Dodged            |    64 |    15 ||    79
Block: Buckler           |    27 |     3 ||    30
